cohdb
Replays
Latest Replays
All Replays
Popular Replays
Top Player Replays
Match Explorer
How It Works
Community
CoH3 Stats
Reddit
Sign in to upload your games and track your stats! →
Sign in with Steam
Match 27260692
Unlisted
Match 27260692
Overview
Messages
Build Orders
End
Panzergrenadier Squad
Panzergrenadier Squad
Selects Battlefield Espionage Battlegroup
Panzergrenadier Squad
Construct Light Support Kompanie
2.5-tonne Medical Truck
Fire Support Elements
Selects Intel Disruption Beacon
Flakvierling Half-track
Panzergrenadier Squad
Flakvierling Half-track
Selects 250/3 Funkpanzerwagen
Pak 38 Mechanized Group
MG34 Team
MG34 Team
Construct Panzerarmee Kommand
Selects Advanced Ambush Training
Panzer III L Medium Tank
Selects Operation Skorpion
Panzer III L Medium Tank
2.5-tonne Medical Truck
Selects Transfer Depots
Armored Reserves
Operation Skorpion
Pak 38 Anti-tank Gun Team
Panzergrenadier Squad
Tungsten Core Ammunition
Selects Firestorm
Firestorm
Firestorm
Tiger Heavy Tank
Firestorm
Firestorm
Phan
kamacura
WANKER gaming
Blood
Like A Ninja
PAUG.S®
Eber
狂歌
0
0
Comments
sign in to comment!
No comments posted yet!